[Event "CIS Master Groups 2024"]
[Site "Vasto"]
[Date "2024.04.09"]
[Round "2.8"]
[White "Bertagnolli, Alexander"]
[Black "Bellia, Fabrizio"]
[Result "1/2-1/2"]
[ECO "E11"]
[WhiteElo "2333"]
[BlackElo "2384"]
[Annotator "RC"]
[PlyCount "61"]
[EventDate "2024.04.07"]
[EventType "team-tourn"]
[EventCountry "ITA"]
[SourceTitle "playchess.com"]
[Source "ChessBase"]
[SourceQuality "1"]
[TimeControl "40/5400+30:900+30"]

1. d4 d5 2. c4 e6 3. Nf3 Nf6 4. g3 Bb4+ 5. Bd2 Be7 6. Bg2 O-O 7. O-O c6 8. Qc2 a5 9. Bf4 Na6 10. Nbd2 b6 11. Rfd1 Bb7 12. Rac1 Rc8 13. e4 c5 14. dxc5 Bxc5 15. exd5 exd5 16. Nb3 Bd6 17. Qf5 Bxf4 18. Qxf4 a4 19. Nbd2 Nc5 20. Ne5 Qe7 21. Ndf3 h6 22. Re1 Ne6 23. Qe3 Qc5 24. Qxc5 Rxc5 25. b4 axb3 26. axb3 dxc4 27. Nxc4 Bxf3 28. Bxf3 Nd4 29. Nd2 Nxf3+ 30. Nxf3 Rfc8 31. Rxc5 1/2-1/2

[Event "CIS Master Groups 2024"]
[Site "Vasto"]
[Date "2024.04.09"]
[Round "2.9"]
[White "Ivanisevic, Ivan"]
[Black "Glek, Igor"]
[Result "1-0"]
[ECO "D27"]
[WhiteElo "2518"]
[BlackElo "2409"]
[Annotator "TA"]
[PlyCount "125"]
[EventDate "2024.04.07"]
[EventType "team-tourn"]
[EventCountry "ITA"]
[SourceTitle "playchess.com"]
[Source "ChessBase"]
[SourceQuality "1"]
[TimeControl "40/5400+30:900+30"]

1. d4 d5 2. c4 dxc4 3. e3 Nf6 4. Bxc4 e6 5. Nf3 c5 6. O-O Nc6 7. Nc3 a6 8. Bb3 Be7 {[%emt 0:06:57] 8...b5 gains popularity.} 9. Qe2 O-O {[%emt 0:07:36] D27: Queen's Gambit Accepted: Classical main line: 7 e4!? and 7 a4.} 10. dxc5 Bxc5 11. e4 e5 12. Bg5 Bg4 13. Qc4 $146 ({Predecessor:} 13. Nd5 Be7 14. Bxf6 Bxf6 15. Qe3 Rc8 16. Rac1 Qd6 17. h3 Bxf3 18. Qxf3 Nd4 19. Qg4 {½-½ Agopov,M (2409)-Manninen,M (2426) FIN-chT 9900 1999 (1)}) 13... Be7 14. Rad1 Qc8 15. Qd3 h6 16. Bxf6 Bxf6 17. Nd5 Qd8 18. h3 Bxf3 19. Qxf3 Bg5 20. g3 (20. Qg4 $5) 20... Nd4 21. Qg4 Qc8 22. f4 Qxg4 23. hxg4 Bd8 24. Kg2 Re8 25. Rd3 Rc8 26. Rf2 Nxb3 27. Rxb3 exf4 28. Rxb7 Rxe4 29. Rxf4 Re5 30. Rf5 Rc2+ 31. Kf3 Rxf5+ 32. gxf5 Bg5 33. a4 Rc5 34. Rd7 Kf8 $2 (34... a5 $11 {and Black is okay.}) 35. b4 $18 Rc1 (35... Rc6 $142 36. Rc7 Rc1) 36. Ra7 $18 Ke8 37. Rxa6 Kd7 38. b5 Rb1 (38... h5 $142 39. Ra8 Rb1) 39. Rc6 $18 (39. Ke4 h5 40. f6 gxf6 $18) 39... Bd8 40. Nb6+ Ke7 41. Nc4 Rb3+ 42. Kg2 Kd7 43. Rc5 (43. Ne5+ Ke7 44. Nc4 Kd7 $18) 43... Bc7 44. a5 Rxg3+ 45. Kf2 Rc3 46. a6 Rc2+ (46... Kd8 $142 47. Ke2 (47. a7 Rc2+ 48. Ke3 Ra2 $16) 47... Rc1 48. Rd5+ (48. a7 Ra1 $16) 48... Ke8 49. Nd6+ (49. a7 Ra1 $16) 49... Kd8 50. Nxf7+ Ke7) 47. Kf3 $18 Ra2 48. b6 Bxb6 49. Nxb6+ Kd6 {[%emt 0:00:05] [#]} 50. Ra5 $1 ({Weaker is} 50. Rd5+ Kc6 $11) 50... Rxa5 51. Nc4+ Kc6 52. Nxa5+ Kb6 53. Nc4+ Kxa6 54. Nd6 Kb6 55. Nxf7 Kc6 56. Ke4 Kd7 57. Ke5 Ke7 58. Nh8 Kf8 59. Ke6 Kg8 60. Ng6 h5 61. Ke5 Kf7 62. Kf4 Kf6 63. Nh4 1-0

[Event "CIS Master Groups 2024"]
[Site "Vasto"]
[Date "2024.04.09"]
[Round "2.10"]
[White "Sedina, Elena"]
[Black "Seresin, Francesco"]
[Result "1/2-1/2"]
[ECO "B12"]
[WhiteElo "2190"]
[BlackElo "2336"]
[Annotator "RC"]
[PlyCount "84"]
[EventDate "2024.04.07"]
[EventType "team-tourn"]
[EventCountry "ITA"]
[SourceTitle "playchess.com"]
[Source "ChessBase"]
[SourceQuality "1"]
[TimeControl "40/5400+30:900+30"]

1. e4 c6 2. d4 d5 3. e5 c5 4. dxc5 e6 5. Nf3 Bxc5 6. c3 Nc6 7. b4 Be7 8. b5 Na5 9. Bd3 Qc7 10. O-O Bd7 11. Qe2 Rc8 12. Nd4 h5 13. a4 g6 14. Re1 Nh6 15. h3 Nf5 16. Nxf5 exf5 17. Bb2 Nb3 18. Ra2 Be6 19. Nd2 d4 20. c4 Nxd2 21. Qxd2 O-O 22. Raa1 Qd7 23. Qe2 Rc7 24. Red1 Bc5 25. Qd2 Rfc8 26. Rac1 Qe7 27. Rc2 Qf8 28. Qf4 Bb6 29. Rdc1 Qb4 30. Bxd4 Qxa4 31. Bxb6 axb6 32. Bf1 Qb4 33. h4 Rd7 34. g3 Qc5 35. Bg2 Rd4 36. Qe3 Rd7 37. Qe2 Rcd8 38. Bd5 Bxd5 39. cxd5 Qxd5 40. Qe3 Qxb5 41. e6 Rd1+ 42. Kh2 Rxc1 1/2-1/2

[Event "CIS Master Groups 2024"]
[Site "Vasto"]
[Date "2024.04.09"]
[Round "2.11"]
[White "Boraso, Alessio"]
[Black "Di Trapani, Davide"]
[Result "1/2-1/2"]
[ECO "B50"]
[WhiteElo "2291"]
[BlackElo "2161"]
[Annotator "RC"]
[PlyCount "128"]
[EventDate "2024.04.07"]
[EventType "team-tourn"]
[EventCountry "ITA"]
[SourceTitle "playchess.com"]
[Source "ChessBase"]
[SourceQuality "1"]
[TimeControl "40/5400+30:900+30"]

1. e4 c5 2. Nf3 d6 3. Nc3 Nf6 4. e5 dxe5 5. Nxe5 a6 6. g3 Qd6 7. Qe2 Nc6 8. Nxc6 Qxc6 9. Rg1 Bg4 10. Bg2 Qxg2 11. Rxg2 Bxe2 12. Kxe2 g6 13. d3 Bg7 14. a4 h5 15. Ra3 Rd8 16. Rb3 Rd7 17. Be3 Rc7 18. Bf4 Rd7 19. a5 h4 20. g4 O-O 21. h3 Rc8 22. g5 Nh5 23. Be3 c4 24. Ra3 cxd3+ 25. cxd3 Rcd8 26. Na4 Rd5 27. Rg4 Rxa5 28. b4 Rad5 29. Nc5 Rb8 30. Rxh4 e5 31. Rg4 Bf8 32. Rc3 Bxc5 33. bxc5 Rc8 34. Rb4 Nf4+ 35. Bxf4 exf4 36. d4 b5 37. h4 f6 38. gxf6 Kf7 39. Kf3 Kxf6 40. Ra3 Rc6 41. Ke4 Rd8 42. Rb1 Re6+ 43. Kd3 Kf5 44. Rg1 Rc6 45. Rg5+ Kf6 46. Ra1 Kf7 47. Rag1 Rf6 48. d5 a5 49. h5 a4 50. hxg6+ Kg7 51. Kc3 f3 52. c6 Rf4 53. Rh5 Rc4+ 54. Kb2 Re8 55. Rh7+ Kg8 56. c7 Re2+ 57. Kb1 Rcc2 58. c8=Q+ Rxc8 59. d6 Rc3 60. Rc7 Rb3+ 61. Ka1 Ra3+ 62. Kb1 Rb3+ 63. Kc1 Ra3 64. Kb1 Rb3+ 1/2-1/2

[Event "CIS Master Groups 2024"]
[Site "Vasto"]
[Date "2024.04.09"]
[Round "2.12"]
[White "Bemporad, Filippo"]
[Black "Botta, Massimiliano"]
[Result "0-1"]
[ECO "E94"]
[WhiteElo "1971"]
[BlackElo "2188"]
[Annotator "RC"]
[PlyCount "76"]
[EventDate "2024.04.07"]
[EventType "team-tourn"]
[EventCountry "ITA"]
[SourceTitle "playchess.com"]
[Source "ChessBase"]
[SourceQuality "1"]
[TimeControl "40/5400+30:900+30"]

1. d4 Nf6 2. Nf3 g6 3. c4 Bg7 4. Nc3 O-O 5. e4 d6 6. Be2 e5 7. O-O exd4 8. Nxd4 Re8 9. f3 c6 10. Bg5 Qb6 11. Na4 Qa5 12. Bh4 d5 13. cxd5 cxd5 14. Nb5 Bd7 15. Be1 Qd8 16. e5 Rxe5 17. Bg3 Re7 18. Nac3 Bxb5 19. Nxb5 Nc6 20. Bh4 d4 21. Qd2 Qb6 22. Bd3 Rd8 23. Rad1 Re3 24. Na3 Nb4 25. Bb1 Ree8 26. Bd3 Nxd3 27. Qxd3 Qxb2 28. Rb1 Qxa2 29. Nc4 Qa6 30. Ra1 Qc6 31. Rxa7 Rc8 32. Nd2 Nd5 33. Ne4 f5 34. Nd2 Kh8 35. Qb3 Re2 36. Nb1 Ne3 37. Qd3 Rxg2+ 38. Kh1 Qc2 0-1

[Event "CIS Master Groups 2024"]
[Site "Vasto"]
[Date "2024.04.09"]
[Round "2.14"]
[White "Lumachi, Gabriele"]
[Black "Dardha, Daniel"]
[Result "1/2-1/2"]
[ECO "E10"]
[WhiteElo "2413"]
[BlackElo "2630"]
[Annotator "TA"]
[PlyCount "62"]
[EventDate "2024.04.07"]
[EventType "team-tourn"]
[EventCountry "ITA"]
[SourceTitle "playchess.com"]
[Source "ChessBase"]
[SourceQuality "1"]
[TimeControl "40/5400+30:900+30"]

1. d4 Nf6 2. c4 e6 3. Nf3 h6 4. Nc3 Bb4 5. Bd2 O-O 6. e3 d6 7. Qc2 c5 8. a3 {[%emt 0:00:27] White has an edge.} Ba5 (8... Bxc3 $11 9. Bxc3 cxd4 10. exd4 (10. Nxd4 e5 $11) 10... b6) 9. dxc5 $16 dxc5 10. Rg1 b6 11. g4 Bb7 12. Be2 Bxc3 13. Bxc3 {[%emt 0:00:09] [#] Black must now prevent g5.} Ne4 14. h4 ({White should try} 14. g5 $16 h5 15. Be5) 14... Nxc3 $14 15. Qxc3 Qf6 16. Qxf6 gxf6 17. O-O-O Kg7 18. g5 hxg5 19. hxg5 Na6 {[%emt 0:01:21] The position is equal.} 20. g6 fxg6 21. Nh4 g5 22. f4 Rad8 23. fxg5 Rxd1+ 24. Bxd1 f5 25. Bf3 Bc8 26. Rd1 Rh8 27. Bb7 Bxb7 28. Rd7+ Kg8 29. Rd8+ Kg7 30. Rd7+ Kg8 31. Rd8+ Kg7 {[%emt 0:10:14] Weighted Error Value: White=0.09 (flawless) /Black=0.07 (flawless) .  Mistake:       	White=1     	Black=1      Inaccurate:     	White=1     	Black=1      OK:         	White=13    	Black=14     Best:        	White=4     	Black=2} 1/2-1/2

[Event "CIS Master Groups 2024"]
[Site "Vasto"]
[Date "2024.04.09"]
[Round "2.17"]
[White "Socko, Bartosz"]
[Black "Mastrovasilis, Dimitrios"]
[Result "1/2-1/2"]
[ECO "B45"]
[WhiteElo "2565"]
[BlackElo "2576"]
[Annotator "TA"]
[PlyCount "37"]
[EventDate "2024.04.07"]
[EventType "team-tourn"]
[EventCountry "ITA"]
[SourceTitle "playchess.com"]
[Source "ChessBase"]
[SourceQuality "1"]
[TimeControl "40/5400+30:900+30"]

1. e4 c5 2. Nf3 e6 3. d4 cxd4 4. Nxd4 Nf6 5. Nc3 Nc6 6. a3 d5 7. exd5 exd5 8. Bb5 Bd7 9. O-O Be7 10. Re1 O-O 11. Bg5 h6 12. Bh4 Rc8 13. Bf1 Re8 {[%emt 0:03:02] The position is equal.} 14. Qd3 Nxd4 15. Qxd4 Bc5 16. Rxe8+ Bxe8 (16... Nxe8 $2 {too greedy.} 17. Qxc5 (17. Qxd5 $2 {is the wrong capture.} Qxh4 18. g3 Qf6 $19) 17... Qxh4 18. Qxa7 $18) 17. Qd2 g5 18. Bg3 (18. Bxg5 $5 hxg5 19. Qxg5+ Kh8 20. Qh6+ Kg8 21. Qg5+ Kh8 22. Qh6+ Kg8 23. Qg5+ $15) 18... Ne4 19. Nxe4 {[%emt 0:08:38] An uneventful encounter.   Weighted Error Value: White=0.10 (very precise) /Black=0.01 (flawless) .  Inaccurate:     	White=1     	---        OK:         	White=4     	Black=4} 1/2-1/2

[Event "CIS Master Groups 2024"]
[Site "Vasto"]
[Date "2024.04.09"]
[Round "2.18"]
[White "David, Alberto"]
[Black "Rombaldoni, Denis"]
[Result "0-1"]
[ECO "C41"]
[WhiteElo "2512"]
[BlackElo "2484"]
[Annotator "TA"]
[PlyCount "64"]
[EventDate "2024.04.07"]
[EventType "team-tourn"]
[EventCountry "ITA"]
[SourceTitle "playchess.com"]
[Source "ChessBase"]
[SourceQuality "1"]
[TimeControl "40/5400+30:900+30"]

1. e4 d6 2. d4 Nf6 3. Nc3 e5 4. Nf3 exd4 5. Nxd4 Be7 6. Bf4 O-O 7. Qd2 c6 8. Be2 Re8 9. O-O-O Bf8 {[%emt 0:00:58] White is slightly better.} 10. f3 d5 11. exd5 Nxd5 12. Nxd5 Qxd5 13. Kb1 Nd7 14. Rhe1 Nb6 {[%emt 0:02:16] Dodges Bc4} 15. Bd3 Rxe1 16. Qxe1 {[%emt 0:00:32][%cal Od4b5] [#] Black must now prevent Nb5!} g6 17. c3 Bd7 18. Be4 Qc4 19. Bd3 Qd5 20. Be4 Qc4 21. Bd3 Qa4 22. Bc2 Qa6 23. Bd3 Qa4 24. Bc2 Qa6 25. Bd3 Nc4 26. b3 Na3+ 27. Kb2 b5 28. Bf5 Re8 $1 ({Of course not} 28... Bxf5 $6 29. Nxf5 Nc4+ (29... gxf5 30. Qg3+ Bg7 31. Bh6 Nc4+ 32. bxc4) 30. bxc4 $16) (28... gxf5 29. Qg3+ Bg7 30. Bh6 Nc4+ 31. bxc4) 29. Bxd7 $4 (29. Qf2 $1 $11 {and White has nothing to worry.} Bxf5 (29... gxf5 $2 {loses.} 30. Qg3+ Kh8 31. Be5+ Rxe5 32. Qxe5+ Kg8 33. Qg3+ Kh8 34. Nc2 $18) 30. Nxf5) 29... Rxe1 $19 {[%emt 0:00:04] Black is clearly winning.} 30. Rxe1 {[%emt 0:00:02][%cal Oe1e8] Strongly threatening Re8!} b4 31. c4 {[%emt 0:04:57] [#]} Nxc4+ $1 32. bxc4 Qa3+ {[%emt 0:01:31] Weighted Error Value: White=0.30/Black=0.08 (flawless) .  Loses game:     	White=1     	---        Inaccurate:     	White=2     	---        OK:         	White=11    	Black=11     Best:        	---       	Black=1      Strong:       	---       	Black=1} 0-1

[Event "CIS Master Groups 2024"]
[Site "Vasto"]
[Date "2024.04.09"]
[Round "2.19"]
[White "Garcia Palermo, Carlos Horacio"]
[Black "Altini, Nicola"]
[Result "1-0"]
[ECO "D23"]
[WhiteElo "2407"]
[BlackElo "2393"]
[Annotator "TA"]
[PlyCount "111"]
[EventDate "2024.04.07"]
[EventType "team-tourn"]
[EventCountry "ITA"]
[SourceTitle "playchess.com"]
[Source "ChessBase"]
[SourceQuality "1"]
[TimeControl "40/5400+30:900+30"]

1. d4 d5 2. Nf3 Nf6 3. c4 c6 4. Qc2 dxc4 5. Qxc4 Bg4 6. Nbd2 Nbd7 7. g3 e6 8. Bg2 Be7 {[%emt 0:00:11] The position is equal.} 9. O-O O-O 10. b3 Rc8 11. h3 Bh5 12. Bb2 c5 13. Rfc1 Nb6 14. Qb5 a6 15. Qa5 Nbd5 16. Qxd8 Rfxd8 17. a3 cxd4 18. Nxd4 Bc5 19. e3 Bg6 20. Nc4 Be4 21. Na5 Bxg2 22. Kxg2 (22. Rxc5 $5 Rxc5 23. Nxb7 $11) 22... b6 23. Nac6 Re8 24. b4 Bxd4 (24... Bf8 $11) 25. Bxd4 $16 Rc7 26. Be5 Rb7 {[%emt 0:00:52] Black is weak on the dark squares} 27. Kf3 Nd7 28. Bd6 f5 29. Rc2 N5f6 {[%emt 0:00:46] Black is on the road to losing.} 30. Rd1 $36 {[%emt 0:09:46][%cal Ba1d1,Bd1d6,Bd6b6][%mdl 2080] Keeping Black busy. White is more active.} Ne4 31. Ke2 Ndf6 32. f3 Nxd6 33. Rxd6 Rc7 {[%emt 0:00:20] [#]} (33... e5 $16 34. Nd8 Rd7 35. Rxd7 (35. Rxb6 $2 Rexd8 36. Rxa6 e4 $19) 35... Nxd7) 34. Nd4 $1 $18 Rxc2+ 35. Nxc2 {[%emt 0:00:20][%mdl 4096] Endgame. KRN-KRN} Rc8 36. Kd2 (36. Nd4 Rc3 37. Rxe6 (37. Nxe6 Rxa3 38. Nd4 Ra2+ 39. Kd3 Ra3+ 40. Kd2 Ra2+ 41. Kc1 Rf2 $16) 37... f4) 36... e5 37. Rxb6 Rd8+ 38. Kc1 Ra8 39. Re6 e4 40. f4 Kf7 41. Rc6 Nd5 42. Kd2 h5 43. h4 Ne7 44. Rd6 {[%emt 0:00:00] Dodges Rd8} Ng8 45. Nd4 g6 46. Nc6 {[%emt 0:00:00] White is clearly winning.} Nf6 47. Kc3 Rc8 {[%emt 0:00:00] [#] Strongly threatening ...Ne8.} 48. Kd4 Ne8 49. Ne5+ Ke7 50. Rxa6 Nd6 51. Kd5 Nb5 {[%emt 0:00:00] Repels Ra7+} 52. Nxg6+ ({Inferior is} 52. Rxg6 Nc3+ 53. Kd4 Ne2+ 54. Kd5 Nc3+ 55. Kd4 Nb5+ 56. Kd5 Nc3+ $11) 52... Kf7 53. Ne5+ Ke7 54. Re6+ Kf8 55. Rf6+ Ke7 56. Rf7+ {[%emt 0:00:00] Weighted Error Value: White=0.06 (flawless) /Black=0.21 (precise) .  Mistake:       	---       	Black=2      Inaccurate:     	White=1     	Black=5      OK:         	White=20    	Black=17     Best:        	White=1     	Black=1      Strong:       	White=1     	---} ({And not} 56. Rxf5 Nc3+ 57. Kd4 Ne2+ 58. Kd5 Nc3+ 59. Kd4 Nb5+ (59... Ne2+ 60. Kd5 $11) 60. Kd5 Nc3+ $11) 1-0

[Event "CIS Master Groups 2024"]
[Site "Vasto"]
[Date "2024.04.09"]
[Round "2.20"]
[White "Collutiis, Duilio"]
[Black "Loiacono, Antonio"]
[Result "1/2-1/2"]
[ECO "A45"]
[WhiteElo "2334"]
[BlackElo "2292"]
[Annotator "RC"]
[PlyCount "67"]
[EventDate "2024.04.07"]
[EventType "team-tourn"]
[EventCountry "ITA"]
[SourceTitle "playchess.com"]
[Source "ChessBase"]
[SourceQuality "1"]
[TimeControl "40/5400+30:900+30"]

1. d4 Nf6 2. Bg5 c5 3. Bxf6 gxf6 4. d5 Qb6 5. Qc1 f5 6. g3 d6 7. Bg2 Nd7 8. Nh3 Nf6 9. O-O h5 10. c4 h4 11. Nc3 Bd7 12. Qc2 Bg7 13. Rab1 Qb4 14. b3 hxg3 15. hxg3 Nh5 16. Rfc1 O-O-O 17. e3 Kb8 18. Ne2 Qa5 19. Nhf4 Nxf4 20. Nxf4 e5 21. dxe6 fxe6 22. e4 Bh6 23. exf5 exf5 24. Qd3 Bxf4 25. Qf3 Bc6 26. Qxf4 Bxg2 27. Kxg2 Qxa2 28. Qxf5 Rdf8 29. Qc2 Rxf2+ 30. Qxf2 Rh2+ 31. Kxh2 Qxf2+ 32. Kh3 Qf5+ 33. g4 Qh7+ 34. Kg3 1/2-1/2

[Event "CIS Master Groups 2024"]
[Site "Vasto"]
[Date "2024.04.09"]
[Round "2.21"]
[White "Eljanov, Pavel"]
[Black "Moroni, Luca Jr"]
[Result "0-1"]
[ECO "D87"]
[WhiteElo "2706"]
[BlackElo "2580"]
[Annotator "TA"]
[PlyCount "117"]
[EventDate "2024.04.07"]
[EventType "team-tourn"]
[EventCountry "ITA"]
[SourceTitle "playchess.com"]
[Source "ChessBase"]
[SourceQuality "1"]
[TimeControl "40/5400+30:900+30"]

1. d4 Nf6 2. c4 g6 3. Nc3 d5 4. cxd5 Nxd5 5. e4 Nxc3 6. bxc3 Bg7 7. Bc4 c5 8. Ne2 O-O 9. O-O Nc6 10. Be3 b6 11. Rc1 {[%emt 0:03:23] D87: Exchange Grünfeld: Classical Line: Variations without ...cxd4.} e6 12. Qd2 Bb7 13. Rfd1 Rc8 {[%emt 0:02:54] 13...cxd4 deserves study.} 14. Bh6 Bxh6 15. Qxh6 cxd4 16. cxd4 Na5 17. Bd3 Rxc1 18. Qxc1 Nc6 $146 ({Predecessor:} 18... Qe7 19. h3 Nc6 20. a3 Rc8 21. Qb2 Qf6 22. f3 Na5 23. Rc1 Rxc1+ 24. Qxc1 Nc6 {½-½ Almarza Mato,C (2160)-Farmer,M (1884) BCCA/C3/Tr100 2021}) 19. Bb5 Na5 20. Qf4 f5 21. Qe5 fxe4 22. Qxe6+ Kg7 $1 23. d5 a6 $1 24. Ba4 Qf6 25. Qxe4 (25. Qxf6+ $11 Kxf6 26. Ng3) 25... b5 26. Bb3 Nxb3 27. axb3 Qxf2+ 28. Kh1 Qf7 (28... Bxd5 $1 $17 29. Qxd5 (29. Qe5+ Kh6 $17) 29... Qxe2 30. Qd4+ Kh6) 29. b4 Re8 30. Qd4+ Qf6 31. Qd3 (31. d6 $1 $11 Bxg2+ (31... Rxe2 $2 {too greedy.} 32. Qxf6+ Kxf6 33. d7 $18) 32. Kxg2 Rxe2+ 33. Kg3 Qxd4 34. Rxd4) 31... Bxd5 $17 32. Qxd5 Rxe2 33. h3 Re7 34. Qc5 h5 35. Kg1 Qe5 (35... Re2 {looks sharper.} 36. Rf1 Qe7 37. Qc3+ Kh7) 36. Qxe5+ (36. Qc2 $142) 36... Rxe5 $17 37. Rd6 Re4 38. Rxa6 Rxb4 39. Rb6 $2 (39. Kf2 $17 {might work better.}) 39... h4 $19 40. Kf2 Rb3 41. Ke2 Kh6 42. Kf2 (42. Rb7 $17 {is a better defense.}) 42... Kg5 $19 43. Rd6 (43. Ra6 $142) 43... Kf5 $19 44. Rd5+ $2 (44. Rd4 g5 45. Rd5+ Kf4 46. Rd4+ Ke5 47. Rg4) 44... Ke4 $19 45. Rg5 Rb2+ $1 46. Ke1 Kd3 47. Rxg6 {[%emt 0:02:36] [#]} b4 $1 48. Rd6+ Kc3 49. Rc6+ Kb3 50. Rg6 Rc2 51. Kd1 Kb2 52. g3 hxg3 53. Rxg3 Rc4 54. Rg2+ Ka3 55. Rg8 b3 56. Ra8+ {[%emt 0:00:09] [#]} Kb2 $1 57. Rh8 Rd4+ 58. Ke2 Ra4 59. Kd3 0-1

[Event "CIS Master Groups 2024"]
[Site "Vasto"]
[Date "2024.04.09"]
[Round "2.22"]
[White "Pelletier, Yannick"]
[Black "Sonis, Francesco"]
[Result "0-1"]
[ECO "A33"]
[WhiteElo "2524"]
[BlackElo "2562"]
[Annotator "TA"]
[PlyCount "154"]
[EventDate "2024.04.07"]
[EventType "team-tourn"]
[EventCountry "ITA"]
[SourceTitle "playchess.com"]
[Source "ChessBase"]
[SourceQuality "1"]
[TimeControl "40/5400+30:900+30"]

1. Nf3 c5 2. c4 Nc6 3. d4 cxd4 4. Nxd4 Nf6 5. Nc3 e6 6. Bg5 h6 7. Bh4 Be7 8. e3 O-O {[%emt 0:00:15] The position is equal.} 9. Be2 Qb6 10. Nb3 a5 11. Na4 Qd8 12. Nd4 d5 13. cxd5 exd5 (13... Nxd4 $11 14. Qxd4 Nxd5 15. Bxe7 Qxe7) 14. O-O $14 Bd7 15. Rc1 Rc8 16. Nc5 Nxd4 17. Qxd4 Bc6 18. Rfd1 Re8 19. Nd3 g5 20. Bg3 Ne4 21. Be5 {[%emt 0:06:38] Inhibits Nxg3.} f6 22. Bg3 Qd7 {[%emt 0:00:41] Dodges Bg4} 23. Bh5 Rf8 24. f3 Nxg3 25. hxg3 Bd6 26. g4 (26. f4 $14) 26... Qe7 27. Ne1 (27. Bg6 $11) 27... Bb8 28. Qd3 (28. Nd3 $11) 28... f5 $15 29. Nc2 $2 (29. Rc2 $17 {is a better chance.}) 29... Qe5 {[%emt 0:00:53] ( -> ...Qh2+)} 30. Rf1 $2 (30. f4 {keeps fighting.} gxf4 (30... Qxb2 31. Nd4 $11) 31. Qd4) 30... Rf6 $2 (30... Qxb2 31. Nd4 $14 (31. gxf5 Qe5 $17)) (30... Qh2+ $19 31. Kf2 Bg3+ 32. Ke2 Qxg2+ 33. Kd1 Be5) 31. f4 Qe4 32. Qxe4 fxe4 33. fxg5 (33. f5 $11) 33... Rxf1+ $19 34. Kxf1 Bb5+ (34... hxg5 35. Ke1 $17 (35. Nd4 $2 Bb5+ 36. Nxb5 Rxc1+ 37. Ke2 Rc2+ 38. Kf1 Rxb2 $19)) 35. Ke1 Be5 (35... hxg5 36. Kd2 $19) 36. Kd1 {[%emt 0:00:37] [#]} hxg5 (36... Bxb2 37. Rb1 $11) (36... Rf8 $1 $19 {is more deadly.} 37. Ne1 hxg5 (37... Bxb2 $2 38. Rc5 $19)) 37. Nd4 $17 Rxc1+ 38. Kxc1 {[%emt 0:00:03][%mdl 4096] Endgame. KBB-KBN} Bf1 (38... Bxd4 $17 39. exd4 Bf1) 39. Nf5 (39. Ne6 $1 $11 {remains equal.}) 39... Kf8 40. g3 a4 41. a3 Bb5 42. Kc2 b6 43. Bg6 Ba6 44. Bh5 Bd3+ 45. Kc1 Be2 {[%emt 0:01:07] Black is more active.} 46. Kc2 Bd3+ {[%emt 0:04:16] This pair of bishops is nice.} 47. Kc1 Ba6 48. Kc2 $1 Bc8 {[%emt 0:00:12] Black continues to play with concentration.} 49. Bg6 (49. b4 $142) 49... Be6 50. Kc1 Bxf5 51. Bxf5 {[%emt 0:00:06] KB-KB} Ke7 {[%emt 0:00:02] Dodges Bd7} ({Worse is} 51... Bxg3 52. Be6 $11) 52. Kc2 Bxg3 53. Bg6 b5 54. Bh5 Kd6 55. Be8 Kc5 56. Bd7 (56. Bg6 $17 {was necessary.}) 56... Bf2 $19 57. Kd2 d4 58. exd4+ Bxd4 59. b3 (59. Kc2 $19) 59... axb3 60. Be6 e3+ (60... b2 $142 61. Ba2 Kd6 62. Kc2 Ke5 63. Kd2 Kf4 64. Ke2 Kxg4 65. Kf1 Kf3 66. Ke1 g4 67. Kd1 g3 68. Kc2 g2 69. Kb3 g1=Q (69... g1=R {gets mated.} 70. Kb4 e3 71. Kxb5 e2 72. Bf7 b1=Q+ 73. Kc6 e1=Q 74. Bh5+ Kf4 75. Bg4 Qe8+ 76. Kd6 Qb6+ 77. Kd5 Qec6#) 70. Kb4 Qa1 (70... b1=B 71. Bxb1 Qxb1+ 72. Ka5 Qc2 73. Kxb5 Qc5+ 74. Ka4 Qc4+ 75. Ka5 Qb3 76. Ka6 Qb6#) 71. Kxb5 Qxa2 72. Kc6 b1=Q (72... b1=R {is a self mate.} 73. Kd7 Qf7+ 74. Kc8 Qe8+ 75. Kc7 Be5#) 73. Kd6 Qf7 74. Kc6 Qb6#) 61. Ke2 b2 62. Ba2 {[%emt 0:00:04] Black mates.} Kd6 63. Kf3 Ke5 64. Bb1 Bc5 65. Bg6 Kd4 66. Ke2 Bxa3 67. Bb1 Bb4 68. Kf3 Bd2 69. Ke2 b4 70. Kf3 b3 71. Ke2 Kd5 72. Bh7 Ke5 73. Kf3 {[%emt 0:00:05] [#]} b1=Q $1 74. Bxb1 Kd4 75. Ke2 Kc3 76. Bf5 Kb2 77. Be6 Kc2 {[%emt 0:00:02] Weighted Error Value: White=0.49/Black=0.31.  Loses game:     	White=2     	---        Missed win:     	---       	Black=1      Mistake:       	White=8     	Black=3      Inaccurate:     	White=4     	Black=5      OK:         	White=15    	Black=28     Best:        	White=7     	Black=1      Strong:       	White=1     	---} 0-1

[Event "CIS Master Groups 2024"]
[Site "Vasto"]
[Date "2024.04.09"]
[Round "2.23"]
[White "Paltrinieri, Nicholas"]
[Black "Borgo, Giulio"]
[Result "0-1"]
[ECO "B40"]
[WhiteElo "2355"]
[BlackElo "2309"]
[Annotator "RC"]
[PlyCount "56"]
[EventDate "2024.04.07"]
[EventType "team-tourn"]
[EventCountry "ITA"]
[SourceTitle "playchess.com"]
[Source "ChessBase"]
[SourceQuality "1"]
[TimeControl "40/5400+30:900+30"]

1. e4 c5 2. Nf3 e6 3. c3 Nf6 4. Bd3 d5 5. e5 Nfd7 6. Bc2 Nc6 7. d4 Be7 8. O-O b5 9. a3 a5 10. Re1 Rb8 11. Nbd2 cxd4 12. cxd4 Qb6 13. Nf1 b4 14. Ng3 Ba6 15. h4 h6 16. Nh5 g6 17. Nf4 g5 18. Nh5 g4 19. Nh2 b3 20. Bxb3 Qxb3 21. Qxg4 Qd3 22. Qg7 Qh7 23. Ng4 Qxg7 24. Nxg7+ Kf8 25. Bxh6 Rxh6 26. Nxh6 Kxg7 27. Ng4 Nxd4 28. Rab1 Be2 0-1